 Dungeon Sprint DCSS version 0.29-a0-337-g68df138881 (webtiles) character file.

Game seed: 13990621493184905202

19527 mhtbhm the Minotaur Blade (level 12, -9/130 HPs)
             Began as a Minotaur Berserker on Apr 16, 2022.
             Was the Champion of Trog.
             Mangled by a vampire knight
             ... wielding a +0 war axe
              (32 damage)
             ... while paralysed by a vampire knight
             ... in the Dungeon (Sprint IX: "|||||||||||||||||||||||||||||").
             The game lasted 00:06:19 (2339 turns).

mhtbhm the Minotaur Blade (Minotaur Berserker)      Turns: 2339, Time: 00:06:19

Health: -9/130     AC: 22    Str: 20    XL:     12   Next: 37%
Magic:  11/11      EV:  2    Int: 11    God:    Trog [******]
Gold:   537        SH:  0    Dex: 13    Spells: 11/11 levels left

rFire   . . .      SeeInvis +   a - +2 scimitar of Duty {flame, rElec rPois rCorr Str-5}
rCold   + . .      Faith    .   c - +0 tower shield of Kindness {rC+ rCorr Str-2 Int+4}
rNeg    . . .      Spirit   .   b - +4 scale mail {Will+}
rPois   +          Reflect  .   p - +1 hat {Int+3}
rElec   +          Harm     .   A - +1 cloak {Stlth+}
rCorr   +          Rampage  .   B - +1 pair of gloves {Dex+3}
Will    +....      NoTele   +   o - +0 pair of boots {Stlth+}
Stlth   ++........              (no amulet)
HPRegen 0.31/turn               C - ring of poison resistance
MPRegen 0.12/turn               y - ring of see invisible

@: paralysed, on berserk cooldown
A: horns 2, retaliatory headbutt
a: Renounce Religion, Berserk, Trog's Hand, Brothers in Arms


You were in the Dungeon.
You worshipped Trog.
Trog was exalted by your worship.
You visited 1 branch You collected 1903 gold pieces.
You spent 1366 gold pieces at shops.

Inventory:

Hand Weapons
 a - the +2 scimitar of Duty (weapon) {flame, rElec rPois rCorr Str-5}
   (You found it in the Dungeon)

   It burns those it strikes, dealing additional fire damage.
   Big, fiery blades are also staple armaments of hydra-hunters.
   Str:       It affects your strength (-5).
   rElec:     It insulates you from electricity.
   rPois:     It protects you from poison.
   rCorr:     It protects you from acid and corrosion.
 v - a +6 vorpal demon blade
Missiles
 n - 8 poisoned darts (quivered)
Armour
 b - a +4 scale mail of willpower (worn)
 c - the +0 tower shield of Kindness (worn) {rC+ rCorr Str-2 Int+4}
   (You bought it in a shop in the Dungeon)

   Str:       It affects your strength (-2).
   Int:       It affects your intelligence (+4).
   rC:        It protects you from cold.
   rCorr:     It protects you from acid and corrosion.
 k - the +6 chain mail of Zelihow {Stlth+}
   (You bought it in a shop in the Dungeon)

   Stlth:     It makes you more stealthy.
 o - a +0 pair of boots of stealth (worn)
 p - a +1 hat of intelligence (worn)
 A - a +1 cloak of stealth (worn)
 B - a +1 pair of gloves of dexterity (worn)
Jewellery
 x - a ring of ice
 y - a ring of see invisible (right hand)
 C - a ring of poison resistance (left hand)
 D - a ring of protection from cold
Wands
 j - a wand of iceblast (5)
Scrolls
 h - a scroll of blinking
 l - 2 scrolls of enchant armour
 r - 4 scrolls of identify
 t - 6 scrolls of enchant weapon
 u - 4 scrolls of fog
 w - a scroll of fear
Potions
 d - 4 potions of heal wounds
 e - 5 potions of haste
 f - 4 potions of magic
 g - a potion of berserk rage
 i - a potion of invisibility
 q - 3 potions of mutation
 z - 8 potions of curing
Miscellaneous
 s - a lightning rod (inert)


   Skills:
 + Level 19.1 Fighting
 + Level 22.3 Long Blades
 + Level 15.4 Armour
 + Level 8.9 Dodging
 * Level 13.7 Shields
 + Level 9.0 Evocations


You had 11 spell levels left.
You didn't know any spells.
Your spell library was empty.

Dungeon Overview and Level Annotations

Branches:
Dungeon (1/1)

Altars:
Cheibriados
Dithmenos
Elyvilon
Fedhas
Gozag
Hepliaklqana
Kikubaaqudgha
Makhleb
Nemelex Xobeh
Okawaru
Qazlal
Ru
Sif Muna
Trog
Uskayaw
Vehumet
Wu Jian
Xom
Yredelemnul
Zin
The Shining One
Beogh
Jiyva
Lugonu

Shops:
D [[([


Innate Abilities, Weirdness & Mutations

You have a pair of horns on your head.
You reflexively headbutt those who attack you in melee.


Message History

The vampire knight bites you but does no damage.
You block the vampire knight's attack. x3
The vampire knight bites you but does no damage.
Unknown command.
Okay, then.
Okay, then.
Okay, then.
Press: ? - help, v - describe, . - travel, g - get item
Here: a vampire knight, wielding a +0 war axe and wearing a +0 plate armour (heavily damaged, fast, slightly transparent)
Items here: a +3 ring of dexterity; a +1 helmet.
The floor.
Aiming: Thunderbolt
Press: ? - help, Shift-Dir - straight line, f - vampire knight
Aim: a vampire knight, wielding a +0 war axe and wearing a +0 plate armour (heavily damaged, fast, slightly transparent)
The thunderbolt hits the vampire knight but does no damage.
The vampire knight is heavily damaged.
You feel yourself speed up.
You hear a deafening roar!
The vampire knight casts a spell at you.
You resist with almost no effort. You block the vampire knight's attack.
The vampire knight closely misses you.
Unknown command.
Unknown command.
Unknown command.
Aiming: Thunderbolt
Press: ? - help, Shift-Dir - straight line, f/p - vampire knight
Aim: a vampire knight, wielding a +0 war axe and wearing a +0 plate armour (heavily damaged, fast, slightly transparent)
The thunderbolt hits the vampire knight!
The vampire knight is severely damaged.
The lightning rod overheats!
You block the vampire knight's attack. The vampire knight barely misses you.
The vampire knight points at you and mumbles some strange words.
You suddenly lose the ability to move!
The vampire knight draws life force from you!!
* * * LOW HITPOINT WARNING * * *
The vampire knight is healed by the life force!
The vampire knight hits you but does no damage.
The vampire knight bites you but does no damage.
The vampire knight hits you with a +0 war axe!!
You die...

▓.▓.▓.▓.▓†▓.▓_▓
▓[▓.▓.▓.▓.▓.▓_▓
▓[▓.▓.▓.▓.▓.▓_▓
▓[▓.▓)▓.▓.▓.▓_▓
▓[▓.▓'▓.▓.▓.▓_▓
▓[▓.▓)▓.▓.▓.▓_▓
▓[▓.▓)▓.▓.▓.▓_▓
▓V▓.▓)▓.▓.▓.▓_▓
▓@▓.▓)▓.▓)▓.▓_▓
▓.▓.▓)▓.▓†▓.▓_▓
▓.▓.▓)▓.▓†▓.▓_▓
▓.▓.▓.▓.▓.▓.▓_▓
▓.▓.▓)▓.▓†▓.▓_▓
▓D▓.▓.▓.▓.▓.▓_▓
▓=▓.▓.▓.▓.▓.▓_▓
▓.▓.▓.▓.▓.▓.▓_▓
▓.▓.▓)▓.▓.▓.▓_▓


You could see a fire dragon and a vampire knight (fast, invisible).

Vanquished Creatures
  Gastronok (D)
  2 hydras (D)
  2 catoblepae (D)
  A rakshasa (D)
  3 death yaks (D)
  7 orc high priests (D)
  A skeletal warrior (D)
  An orc knight (D)
  A wolf spider (D)
  An orc sorcerer (D)
  An ugly thing (D)
  A cyclops (D)
  2 black mambas (D)
  3 cane toads (D)
  A komodo dragon (D)
  2 tengu conjurers (D)
  2 komodo dragons (shapeshifter) (D)
  A rime drake (D)
  A troll (D)
  A meliai (D)
  A slime creature (D)
  A shadow (D)
  A spriggan (shapeshifter) (D)
  2 wyverns (D)
  A vampire (D)
  6 yaks (D)
  4 water moccasins (D)
  8 orc warriors (D)
  An ice beast (D)
  A kobold brigand (D)
  A necrophage (D)
  A gnoll sergeant (D)
  3 bullfrogs (D)
  A scorpion (D)
  A wight (D)
  A killer bee (D)
  2 hounds (D)
  10 orc priests (D)
  4 orc wizards (D)
  A dart slug (D)
  8 orcs (D)
  A ball python (D)
  An endoplasm (D)
  A kobold (D)
  A frilled lizard (D)
98 creatures vanquished.

Notes
Turn   | Place    | Note
-------+----------+-------------------------------------------
     0 | D        | mhtbhm the Minotaur Berserker began the quest for the Orb.
     0 | D        | Reached XP level 1. HP: 19/19 MP: 0/0
     6 | D        | Reached skill level 4 in Long Blades
    10 | D        | Reached ** piety under Trog
    20 | D        | Noticed a scorpion
    20 | D        | Noticed a hound
    20 | D        | Noticed an ice beast
    20 | D        | Noticed a necrophage
    20 | D        | Noticed a hound
    30 | D        | Killed a scorpion
    31 | D        | Reached skill level 7 in Long Blades
    31 | D        | Reached XP level 2. HP: 31/31 MP: 1/1
    31 | D        | Reached XP level 3. HP: 38/38 MP: 2/2
    33 | D        | Reached *** piety under Trog
    34 | D        | Reached XP level 4. HP: 47/47 MP: 3/3
    37 | D        | Killed an ice beast
    38 | D        | Reached skill level 9 in Long Blades
    38 | D        | Reached XP level 5. HP: 40/56 MP: 4/4
    40 | D        | Reached skill level 10 in Long Blades
    40 | D        | Reached skill level 5 in Armour
    40 | D        | Reached skill level 5 in Dodging
    42 | D        | Reached XP level 6. HP: 41/64 MP: 5/5
    46 | D        | Found a snail-covered altar of Cheibriados.
    46 | D        | Found a shadowy altar of Dithmenos.
    46 | D        | Found a white marble altar of Elyvilon.
    46 | D        | Found a blossoming altar of Fedhas.
    46 | D        | Found an opulent altar of Gozag.
    47 | D        | Found a hazy altar of Hepliaklqana.
    48 | D        | Found a viscous altar of Jiyva.
    49 | D        | Found an ancient bone altar of Kikubaaqudgha.
    50 | D        | Found a corrupted altar of Lugonu.
    51 | D        | Found a burning altar of Makhleb.
    52 | D        | Found a sparkling altar of Nemelex Xobeh.
    53 | D        | Found an iron altar of Okawaru.
    54 | D        | Found a stormy altar of Qazlal.
    55 | D        | Found a sacrificial altar of Ru.
    56 | D        | Found a shimmering blue altar of Sif Muna.
    57 | D        | Found a bloodstained altar of Trog.
    58 | D        | Found a hide-covered altar of Uskayaw.
    59 | D        | Found a radiant altar of Vehumet.
    60 | D        | Found an ornate altar of the Wu Jian Council.
    61 | D        | Found a shimmering altar of Xom.
    62 | D        | Found a basalt altar of Yredelemnul.
    63 | D        | Found a glowing silver altar of Zin.
    64 | D        | Found a glowing golden altar of the Shining One.
    83 | D        | Got the +2 scimitar of Duty {flame, rElec rPois rCorr
                  | Str-5}
   218 | D        | Noticed a vampire
   218 | D        | Noticed a shadow
   218 | D        | Noticed an orc warrior
   222 | D        | Killed a vampire
   222 | D        | Reached **** piety under Trog
   223 | D        | Reached skill level 10 in Fighting
   223 | D        | Reached skill level 12 in Long Blades
   232 | D        | Reached XP level 7. HP: 74/74 MP: 6/6
   239 | D        | Killed a shadow
   240 | D        | Reached skill level 13 in Long Blades
   242 | D        | Reached ***** piety under Trog
   558 | D        | Noticed a rime drake
   558 | D        | Noticed a purple ugly thing
   558 | D        | Noticed a troll
   558 | D        | Noticed a seven-headed hydra
   558 | D        | Noticed a catoblepas
   565 | D        | Killed a purple ugly thing
   566 | D        | Reached skill level 14 in Long Blades
   566 | D        | Reached skill level 1 in Evocations
   566 | D        | Reached XP level 8. HP: 85/85 MP: 7/7
   570 | D        | Killed a three-headed hydra
   571 | D        | Reached skill level 16 in Long Blades
   660 | D        | Noticed a rime drake
   703 | D        | Reached XP level 9. HP: 94/94 MP: 8/8
   705 | D        | Killed a catoblepas
   706 | D        | Reached skill level 17 in Long Blades
   710 | D        | Killed a troll
   711 | D        | Reached skill level 10 in Armour
   843 | D        | Noticed Gastronok
   856 | D        | Killed Gastronok
   856 | D        | Received a gift from Trog
   857 | D        | Reached skill level 15 in Fighting
   857 | D        | Reached skill level 18 in Long Blades
  1110 | D        | Noticed a komodo dragon
  1113 | D        | Reached XP level 10. HP: 106/106 MP: 9/9
  1113 | D        | Noticed a cane toad
  1114 | D        | Reached ****** piety under Trog
  1114 | D        | Received a gift from Trog
  1115 | D        | Reached skill level 19 in Long Blades
  1115 | D        | Reached skill level 5 in Shields
  1120 | D        | Killed a cane toad
  1185 | D        | Noticed a black mamba
  1185 | D        | Noticed a cane toad
  1185 | D        | Noticed a cane toad
  1186 | D        | Noticed a black mamba
  1188 | D        | Killed a black mamba
  1188 | D        | Killed a cane toad
  1188 | D        | Killed a cane toad
  1195 | D        | Killed a black mamba
  1195 | D        | Received a gift from Trog
  1196 | D        | Reached skill level 20 in Long Blades
  1334 | D        | Noticed a death yak
  1334 | D        | Noticed a death yak
  1337 | D        | Noticed a catoblepas
  1338 | D        | Killed a death yak
  1339 | D        | Reached XP level 11. HP: 97/115 MP: 10/10
  1340 | D        | Killed a death yak
  1340 | D        | Noticed a death yak
  1341 | D        | Reached skill level 5 in Evocations
  1342 | D        | Killed a catoblepas
  1351 | D        | Killed a death yak
  1357 | D        | Received a gift from Trog
  1540 | D        | Received a gift from Trog
  1588 | D        | Noticed an orc knight
  1588 | D        | Noticed an orc high priest
  1588 | D        | Noticed an orc high priest
  1590 | D        | Received a gift from Trog
  1591 | D        | Reached skill level 10 in Shields
  1592 | D        | Killed an orc knight
  1592 | D        | Killed an orc high priest
  1592 | D        | Killed an orc high priest
  1593 | D        | Reached skill level 21 in Long Blades
  1604 | D        | Noticed an orc sorcerer
  1613 | D        | Received a gift from Trog
  1616 | D        | Killed an orc sorcerer
  1749 | D        | Found Zuxat's Armour Emporium.
  1749 | D        | Noticed an orc high priest
  1751 | D        | Received a gift from Trog
  1753 | D        | Noticed an orc high priest
  1754 | D        | Found Kuityll's Antique Armour Shoppe.
  1760 | D        | Noticed an orc high priest
  1761 | D        | Noticed a soul eater
  1761 | D        | Killed an orc high priest
  1767 | D        | Killed an orc high priest
  1769 | D        | Found Mawuim's Weapon Emporium.
  1776 | D        | Killed an orc high priest
  1931 | D        | Found Quatolya's Antique Armour Shoppe.
  1935 | D        | Noticed an orc high priest
  1937 | D        | Noticed an orc high priest
  1940 | D        | Killed an orc high priest
  1943 | D        | Received a gift from Trog
  1945 | D        | Noticed a sun demon
  1946 | D        | Killed an orc high priest
  1947 | D        | Reached skill level 15 in Armour
  1947 | D        | Reached XP level 12. HP: 118/127 MP: 11/11
  1982 | D        | Bought a brightly glowing tower shield for 161 gold pieces
  1982 | D        | Identified the +0 tower shield of Kindness {rC+ rCorr Str-2
                  | Int+4} (You bought it in a shop in the Dungeon)
  1996 | D        | Bought a +0 pair of boots of stealth for 161 gold pieces
  1996 | D        | Bought a +1 cloak of stealth for 231 gold pieces
  2012 | D        | Bought a brightly glowing chain mail for 161 gold pieces
  2012 | D        | Identified the +6 chain mail of Zelihow {Stlth+} (You
                  | bought it in a shop in the Dungeon)
  2017 | D        | Bought a pair of runed gloves for 127 gold pieces
  2065 | D        | Bought a runed chain mail for 210 gold pieces
  2066 | D        | Bought a glowing scale mail for 196 gold pieces
  2094 | D        | Bought a glowing scale mail for 119 gold pieces
  2302 | D        | Noticed a seven-headed hydra
  2315 | D        | Reached skill level 22 in Long Blades
  2315 | D        | Noticed a rakshasa
  2317 | D        | Noticed a vampire knight
  2318 | D        | Received a gift from Trog
  2318 | D        | Killed a seven-headed hydra
  2319 | D        | Killed a rakshasa
  2325 | D        | Noticed a fire dragon
  2337 | D        | Paralysed by a vampire knight for 6 turns
  2339 | D        | Mangled by a vampire knight

Illustrated notes

Levels and vault maps discovered:
D:        linesprint [early_d, line_temple, items_1, d_10, items_2, lair_1,
          lair_end, items_3, orc_1, orc_end, items_4, d_15, swamp_1, shoals_1,
          snake_1, spider_1, d_20, vaults_1, items_5, swamp_end, shoals_end,
          snake_end, spider_end, vaults_end, d_27, items_6, zot_1, zot_end,
          crypt_end, forest_end, elf_end, slime_end, tomb_end, abyss_end,
          pan_hell_end]

Skill      XL: |  1  2  3  4  5  6  7  8  9 10 11 12 |
---------------+-------------------------------------+-----
Fighting       | 6 7 8 9 11 12 13 15 16 18 19 | 19.1
Long Blades    | 7 9 10 12 14 16 18 20 21 22 | 22.3
Armour         | 3 4 5 6 7 9 11 12 15 | 15.4
Dodging        | 3 4 5 6 7 8 |  8.9
Evocations     | 1 2 4 8 9 |  9.0
Shields        | 4 8 12 13 | 13.7

Action                   |  1- 3 |  4- 6 |  7- 9 | 10-12 || total
-------------------------+-------+-------+-------+-------++-------
Melee: Falchion          |    21 |     7 |       |       ||    28
       Headbutt          |     1 |     6 |     7 |    26 ||    40
       Scimitar          |       |    11 |    33 |   124 ||   168
Invok: Berserk           |     1 |     1 |     3 |     1 ||     6
       Brothers in Arms  |       |       |       |     1 ||     1
Evoke: Wand              |       |       |     5 |       ||     5
       Lightning rod     |       |       |     2 |    34 ||    36
  Use: Potion            |       |       |     1 |     2 ||     3
       Scroll            |       |       |     1 |     1 ||     2
Armor: Animal skin       |     3 |       |       |       ||     3
       Plate armour      |       |     5 |    15 |    29 ||    49
       Scale mail        |       |       |       |    18 ||    18
Dodge: Dodged            |    12 |     3 |     8 |    22 ||    45
Block: Kite shield       |       |       |     1 |    33 ||    34
       Tower shield      |       |       |       |    33 ||    33

Table legend: (Time is in decaauts)
 A = Elapsed time spent in this place.
 B = Non-inter-level travel time spent in this place.
 C = Inter-level travel time spent in this place.
 D = Time resting spent in this place.
 E = Time spent auto-exploring this place.
 F = Levels seen in this place.
 G = Mean time per level.
                   A        B        C        D        E       F      G
               +--------+--------+--------+--------+--------+-----+--------+
         Total |   2347 |   2347 |      0 |   1155 |    366 |   1 | 2347.0 |
       Dungeon |   2347 |   2347 |      0 |   1155 |    366 |   1 | 2347.0 |
               +--------+--------+--------+--------+--------+-----+--------+

Top non-repeatable levels by time:
       D: 2347 daAuts
